TOP OF THE 1ST |
Trenton Thunder batting - Pitching for Birmingham Barons : LHP Chris Morales
|
Pitching: LHP Chris Morales
|
|
Batting: RHB Phil Reeves
|
0-0: Ball 1-0: Called Strike 1-1: Ground out 4-3 (Groundball, 4, EV 103.1 MPH)
|
Batting: LHB Jared Zulkowski
|
0-0: Ball 1-0: Called Strike 1-1: Swinging Strike 1-2: Strikes out looking
|
Batting: RHB Sam Hubbert
|
0-0: Ball 1-0: Ground out 6-3 (Groundball, 6, EV 101.9 MPH)
|
Top of the 1st over - 0 runs, 0 hits, 0 errors, 0 left on base; Trenton 0 - Birmingham 0 |
BOTTOM OF THE 1ST |
Birmingham Barons batting - Pitching for Trenton Thunder : LHP Randy Eisenmann
|
Pitching: LHP Randy Eisenmann
|
|
Batting: RHB Ron Johansen
|
0-0: Fly out, F7 (Flyball, 7LM, EV 83.8 MPH)
|
Batting: SHB Veit Geisler
|
0-0: Called Strike 0-1: Ball 1-1: Ground out 5-3 (Groundball, 5, EV 89.4 MPH)
|
Batting: SHB Ruben Velasco Jr.
|
0-0: Called Strike 0-1: Foul Ball, location: 2F 0-2: Ball 1-2: Ball 2-2: Foul Ball, location: 2F 2-2: Ground out 6-3 (Groundball, 6, EV 108.8 MPH)
|
Bottom of the 1st over - 0 runs, 0 hits, 0 errors, 0 left on base; Trenton 0 - Birmingham 0 |
TOP OF THE 2ND |
Trenton Thunder batting - Pitching for Birmingham Barons : LHP Chris Morales
|
Batting: SHB Corey Penson
|
0-0: Foul Ball, location: 2F 0-1: Ground out 6-3 (Groundball, 56, EV 85.0 MPH)
|
Batting: RHB Bryan Westray
|
0-0: Ball 1-0: SINGLE (Flyball, 9LS, EV 96.2 MPH)
|
Batting: RHB Jonathan Iniguez
|
0-0: Called Strike 0-1: Fly out, F7 (Flyball, 7, EV 81.9 MPH)
|
Batting: LHB Justin O'Neal
|
0-0: Ball 1-0: Foul Ball, location: 2F 1-1: Foul Ball, location: 2F 1-2: Strikes out swinging
|
Top of the 2nd over - 0 runs, 1 hit, 0 errors, 1 left on base; Trenton 0 - Birmingham 0 |
BOTTOM OF THE 2ND |
Birmingham Barons batting - Pitching for Trenton Thunder : LHP Randy Eisenmann
|
Batting: RHB Vic Lucatero
|
0-0: Ground out U3 (Groundball, 13, EV 83.1 MPH)
|
Batting: LHB Carlos Ramirez
|
0-0: Ball 1-0: Called Strike 1-1: Ball 2-1: Ball 3-1: Base on Balls
|
Batting: RHB Jose Medina
|
0-0: Called Strike 0-1: SINGLE (Line Drive, 9S, EV 113.1 MPH) Carlos Ramirez to second
|
Batting: LHB Matt Hyde
|
0-0: Called Strike 0-1: Called Strike 0-2: DOUBLE (Groundball, 3L, EV 100.6 MPH) Carlos Ramirez scores Jose Medina to third Runner from 3rd tries for Home, SAFE, throw by RF to home
|
Batting: LHB Dalton Silveira
|
0-0: Ball 1-0: SINGLE (Groundball, 4M, EV 100.6 MPH) (infield hit) Matt Hyde to third
|
Batting: RHB Trevor Conklin
|
0-0: Ball 1-0: Called Strike 1-1: Reached on error, E5 (Groundball, 15, EV 93.8 MPH) Matt Hyde scores Dalton Silveira to second
|
Batting: RHB Ron Johansen
|
0-0: Called Strike Dalton Silveira steals 3rd base 0-1: Ball 1-1: Foul Ball, location: 2F 1-2: Ball 2-2: Foul Ball, location: 2F 2-2: Strikes out looking
|
Batting: SHB Veit Geisler
|
0-0: Called Strike 0-1: Foul Ball, location: 2F 0-2: Fly out, F8 (Flyball, 78XD, EV 104.4 MPH)
|
Bottom of the 2nd over - 3 runs, 3 hits, 1 error, 2 left on base; Trenton 0 - Birmingham 3 |
TOP OF THE 3RD |
Trenton Thunder batting - Pitching for Birmingham Barons : LHP Chris Morales
|
Batting: RHB Elmar Adenauer
|
0-0: Ball 1-0: Called Strike 1-1: Fly out, F7 (Flyball, 7LS, EV 88.8 MPH)
|
Batting: SHB Houston Phillips
|
0-0: Called Strike 0-1: Fly out, F7 (Flyball, 7S, EV 78.8 MPH)
|
Batting: RHB Phil Reeves
|
0-0: Ball 1-0: Called Strike 1-1: Foul Ball, location: 2F 1-2: SINGLE (Groundball, 6, EV 97.5 MPH)
|
Batting: LHB Jared Zulkowski
|
0-0: Ball 1-0: Called Strike Phil Reeves is caught stealing 2nd base 2-6
|
Top of the 3rd over - 0 runs, 1 hit, 0 errors, 0 left on base; Trenton 0 - Birmingham 3 |
BOTTOM OF THE 3RD |
Birmingham Barons batting - Pitching for Trenton Thunder : LHP Randy Eisenmann
|
Batting: SHB Ruben Velasco Jr.
|
0-0: Ball 1-0: Called Strike 1-1: Fly out, F3 (Popup, 3S, EV 68.8 MPH)
|
Batting: RHB Vic Lucatero
|
0-0: SOLO HOME RUN (Line Drive, 7D, EV 98.8 MPH), Distance : 388 ft
|
Batting: LHB Carlos Ramirez
|
0-0: SINGLE (Groundball, 34S, EV 73.8 MPH) (infield hit)
|
Batting: RHB Jose Medina
|
0-0: Ball 1-0: Ball 2-0: Foul Ball, location: 2F 2-1: Ball 3-1: Base on Balls Carlos Ramirez to second
|
Batting: LHB Matt Hyde
|
0-0: Ball 1-0: Ball 2-0: SINGLE (Line Drive, 89S, EV 89.4 MPH) Carlos Ramirez to third Jose Medina to second Runner from 3rd tries for Home, SAFE, throw by RF to home
|
Pitching: RHP Joe Shaw
|
|
Batting: LHB Dalton Silveira
|
0-0: Called Strike Jose Medina steals 3rd base (no throw) 0-1: Ball 1-1: Fly out, F7 (Line Drive, 78D, EV 99.4 MPH) Runner from 3rd tags up, SCORES, no throw by LF
|
Batting: RHB Trevor Conklin
|
0-0: Foul Ball, location: 2F 0-1: Ball 1-1: Fielders Choice at 2nd, U4 (Groundball, 4M, EV 83.1 MPH)
|
Bottom of the 3rd over - 3 runs, 3 hits, 0 errors, 1 left on base; Trenton 0 - Birmingham 6 |
TOP OF THE 4TH |
Trenton Thunder batting - Pitching for Birmingham Barons : LHP Chris Morales
|
Batting: LHB Jared Zulkowski
|
0-0: Called Strike 0-1: Foul Ball, location: 2F 0-2: Strikes out swinging
|
Batting: RHB Sam Hubbert
|
0-0: Ball 1-0: Called Strike 1-1: Foul Ball, location: 2F 1-2: Ball 2-2: Strikes out swinging
|
Batting: SHB Corey Penson
|
0-0: Foul Ball, location: 2F 0-1: Swinging Strike 0-2: Strikes out swinging
|
Top of the 4th over - 0 runs, 0 hits, 0 errors, 0 left on base; Trenton 0 - Birmingham 6 |
BOTTOM OF THE 4TH |
Birmingham Barons batting - Pitching for Trenton Thunder : RHP Joe Shaw
|
Batting: RHB Ron Johansen
|
0-0: Swinging Strike 0-1: Ball 1-1: Ball 2-1: SINGLE (Groundball, 6MD, EV 98.1 MPH)
|
Batting: SHB Veit Geisler
|
0-0: Ball 1-0: Called Strike 1-1: Called Strike 1-2: Foul Ball, location: 2F 1-2: Foul Ball, location: 2F 1-2: Foul Ball, location: 2F 1-2: Ball 2-2: SINGLE (Groundball, 4D, EV 98.8 MPH) Ron Johansen to second Runner from 2nd tries for 3rd, SAFE, throw by RF made to third
|
Batting: SHB Ruben Velasco Jr.
|
0-0: Fly out, F7 (Flyball, 7D, EV 95.6 MPH) Runner from 3rd tags up, SCORES, no throw by LF
|
Batting: RHB Vic Lucatero
|
0-0: Called Strike 0-1: Ball 1-1: Ball 2-1: Foul Ball, location: 2F 2-2: Foul Ball, location: 2F 2-2: Ball 3-2: Base on Balls Veit Geisler to second
|
Batting: LHB Carlos Ramirez
|
0-0: Called Strike 0-1: Foul Ball, location: 2F 0-2: Ball 1-2: Foul Ball, location: 2F 1-2: Foul Ball, location: 2F 1-2: Foul Ball, location: 2F 1-2: Strikes out swinging
|
Batting: RHB Jose Medina
|
0-0: Foul Ball, location: 2F 0-1: Swinging Strike 0-2: Ball 1-2: Ball 2-2: Foul Ball, location: 2F 2-2: SINGLE (Line Drive, 8LS, EV 108.8 MPH) Veit Geisler to third Vic Lucatero to second Runner from 3rd tries for Home, SAFE, throw by CF to home
|
Batting: LHB Matt Hyde
|
0-0: DOUBLE (Line Drive, 9LS, EV 99.4 MPH) Vic Lucatero scores Jose Medina to third Runner from 3rd tries for Home, SAFE, throw by RF to home
|
Batting: LHB Dalton Silveira
|
0-0: Ball 1-0: Ball 2-0: Fly out, F9 (Flyball, 89S, EV 86.2 MPH)
|
Bottom of the 4th over - 4 runs, 4 hits, 0 errors, 1 left on base; Trenton 0 - Birmingham 10 |
TOP OF THE 5TH |
Trenton Thunder batting - Pitching for Birmingham Barons : LHP Chris Morales
|
Batting: RHB Bryan Westray
|
0-0: Foul Ball, location: 2F 0-1: Ball 1-1: Ball 2-1: Ball 3-1: Base on Balls
|
Batting: RHB Jonathan Iniguez
|
0-0: Called Strike 0-1: Swinging Strike 0-2: Ball 1-2: Strikes out swinging
|
Batting: LHB Justin O'Neal
|
0-0: Called Strike 0-1: Grounds into double play, 5-4-3 (Groundball, 56, EV 91.2 MPH)
|
Top of the 5th over - 0 runs, 0 hits, 0 errors, 0 left on base; Trenton 0 - Birmingham 10 |
BOTTOM OF THE 5TH |
Birmingham Barons batting - Pitching for Trenton Thunder : RHP Joe Shaw
|
Batting: RHB Trevor Conklin
|
0-0: Ball 1-0: Foul Ball, location: 2F 1-1: Ball 2-1: Ball 3-1: Foul Ball, location: 2F 3-2: SINGLE (Groundball, 6D, EV 98.8 MPH)
|
Batting: RHB Ron Johansen
|
0-0: Ball 1-0: Foul Ball, location: 2F 1-1: Swinging Strike 1-2: SINGLE (Line Drive, 4D, EV 99.4 MPH) Trevor Conklin to second
|
Pitching: RHP Ken Howington
|
|
Batting: SHB Veit Geisler
|
0-0: Ball 1-0: Ball 2-0: Ball 3-0: Called Strike 3-1: Fly out, F9 (Flyball, 9D, EV 82.5 MPH) Runner from 2nd tags up, SAFE at 3rd, no throw by RF
|
Batting: SHB Ruben Velasco Jr.
|
0-0: Ball 1-0: Ball 2-0: Ball 3-0: Called Strike 3-1: Base on Balls Ron Johansen to second
|
Batting: RHB Vic Lucatero
|
0-0: Ball 1-0: Grounds into double play, 4-6-3 (Groundball, 4, EV 86.2 MPH)
|
Bottom of the 5th over - 0 runs, 2 hits, 0 errors, 2 left on base; Trenton 0 - Birmingham 10 |
TOP OF THE 6TH |
Trenton Thunder batting - Pitching for Birmingham Barons : LHP Chris Morales
|
Batting: RHB Elmar Adenauer
|
0-0: Ball 1-0: Swinging Strike 1-1: Ground out U3 (Groundball, 34S, EV 86.2 MPH)
|
Batting: SHB Houston Phillips
|
0-0: Ball 1-0: Swinging Strike 1-1: Swinging Strike 1-2: Ball 2-2: Ground out U3 (Groundball, 3, EV 102.5 MPH)
|
Batting: RHB Phil Reeves
|
0-0: Called Strike 0-1: Ball 1-1: Ball 2-1: Foul Ball, location: 2F 2-2: Fly out, F8 (Flyball, 8LM, EV 88.8 MPH)
|
Top of the 6th over - 0 runs, 0 hits, 0 errors, 0 left on base; Trenton 0 - Birmingham 10 |
BOTTOM OF THE 6TH |
Birmingham Barons batting - Pitching for Trenton Thunder : RHP Ken Howington
|
Batting: LHB Carlos Ramirez
|
0-0: Ball 1-0: Foul Ball, location: 2F 1-1: Foul Ball, location: 2F 1-2: Strikes out swinging
|
Batting: RHB Jose Medina
|
0-0: Ball 1-0: Called Strike 1-1: Ground out 6-3 (Groundball, 6M, EV 78.8 MPH)
|
Batting: LHB Matt Hyde
|
0-0: Ball 1-0: Called Strike 1-1: Ball 2-1: Called Strike 2-2: Strikes out swinging
|
Bottom of the 6th over - 0 runs, 0 hits, 0 errors, 0 left on base; Trenton 0 - Birmingham 10 |
TOP OF THE 7TH |
Trenton Thunder batting - Pitching for Birmingham Barons : LHP Chris Morales
|
Now at 1B: Dalton Silveira
|
|
Now at 2B: Jason Bresnahan
|
|
Batting: LHB Jared Zulkowski
|
0-0: Swinging Strike 0-1: Ball 1-1: Ground out 3-1 (Groundball, 34, EV 88.8 MPH)
|
Batting: RHB Sam Hubbert
|
0-0: Called Strike 0-1: Ball 1-1: Ball 2-1: Foul Ball, location: 2F 2-2: Ball 3-2: Foul Ball, location: 2F 3-2: Foul Ball, location: 2F 3-2: Base on Balls
|
Batting: SHB Corey Penson
|
0-0: Ball 1-0: Called Strike 1-1: Swinging Strike 1-2: Ball 2-2: Foul Ball, location: 2F 2-2: Strikes out swinging
|
Batting: RHB Bryan Westray
|
0-0: Ball 1-0: Swinging Strike 1-1: SINGLE (Line Drive, 89M, EV 93.1 MPH) Sam Hubbert to second
|
Batting: RHB Jonathan Iniguez
|
0-0: Ball 1-0: Called Strike 1-1: Ball 2-1: Swinging Strike 2-2: Strikes out looking
|
Top of the 7th over - 0 runs, 1 hit, 0 errors, 2 left on base; Trenton 0 - Birmingham 10 |
BOTTOM OF THE 7TH |
Birmingham Barons batting - Pitching for Trenton Thunder : RHP Ken Howington
|
Pitching: LHP Jon Moore
|
|
Pinch Hitting: RHB Tatsunori Hayakawa
|
0-0: SOLO HOME RUN (Flyball, 7D, EV 103.1 MPH), Distance : 393 ft
|
Pinch Hitting: RHB Danny Longoria
|
0-0: Ball 1-0: Called Strike 1-1: Ball 2-1: Foul Ball, location: 2F 2-2: Fly out, F9 (Flyball, 9, EV 86.2 MPH)
|
Batting: SHB Jason Bresnahan
|
0-0: Called Strike 0-1: Foul Ball, location: 2F 0-2: Ball 1-2: Ball 2-2: Strikes out swinging
|
Batting: SHB Veit Geisler
|
0-0: Foul Ball, location: 2F 0-1: Ball 1-1: Swinging Strike 1-2: Strikes out swinging
|
Bottom of the 7th over - 1 run, 1 hit, 0 errors, 0 left on base; Trenton 0 - Birmingham 11 |
TOP OF THE 8TH |
Trenton Thunder batting - Pitching for Birmingham Barons : LHP Chris Morales
|
Now at 1B: Alex Mendoza
|
|
Now at 3B: Danny Longoria
|
|
Batting: LHB Justin O'Neal
|
0-0: Called Strike 0-1: Called Strike 0-2: Ball 1-2: Foul Ball, location: 2F 1-2: Strikes out swinging
|
Batting: RHB Elmar Adenauer
|
0-0: Called Strike 0-1: Swinging Strike 0-2: Foul Ball, location: 2F 0-2: Ball 1-2: Strikes out swinging
|
Batting: SHB Houston Phillips
|
0-0: Ground out U3 (Groundball, 3S, EV 91.2 MPH)
|
Top of the 8th over - 0 runs, 0 hits, 0 errors, 0 left on base; Trenton 0 - Birmingham 11 |
BOTTOM OF THE 8TH |
Birmingham Barons batting - Pitching for Trenton Thunder : LHP Jon Moore
|
Pinch Hitting: LHB Herkko Haavikko
|
0-0: Called Strike 0-1: Called Strike 0-2: Foul Ball, location: 2F 0-2: Ball 1-2: Foul Ball, location: 2F 1-2: Foul Ball, location: 2F 1-2: Ball 2-2: Ball 3-2: Foul Ball, location: 2F 3-2: Base on Balls
|
Pitching: RHP David Durr
|
|
Pinch Hitting: LHB Joe Kirkland
|
0-0: Called Strike 0-1: Swinging Strike 0-2: Ground out U3 (Groundball, 34S, EV 73.1 MPH) Herkko Haavikko to second
|
Batting: LHB Carlos Ramirez
|
0-0: Ball 1-0: Called Strike 1-1: Foul Ball, location: 2F 1-2: Ground out U3 (Groundball, 3, EV 85.6 MPH) Herkko Haavikko to third
|
Batting: RHB Jose Medina
|
0-0: Called Strike 0-1: Foul Ball, location: 2F 0-2: Ground out 5-3 (Groundball, 5, EV 90.6 MPH)
|
Bottom of the 8th over - 0 runs, 0 hits, 0 errors, 1 left on base; Trenton 0 - Birmingham 11 |
TOP OF THE 9TH |
Trenton Thunder batting - Pitching for Birmingham Barons : LHP Chris Morales
|
Pitching: LHP Miguel Moreno
|
|
Now in LF: Herkko Haavikko
|
|
Now in RF: Larry Myers
|
|
Batting: RHB Phil Reeves
|
0-0: Called Strike 0-1: Called Strike 0-2: Ball 1-2: Ball 2-2: Foul Ball, location: 2F 2-2: Foul Ball, location: 2F 2-2: Foul Ball, location: 2F 2-2: Ball 3-2: Ground out 3-1 (Groundball, 34, EV 90.6 MPH)
|
Batting: LHB Jared Zulkowski
|
0-0: Called Strike 0-1: Ball 1-1: Ground out U3 (Groundball, 3, EV 88.1 MPH)
|
Batting: RHB Sam Hubbert
|
0-0: Ball 1-0: Swinging Strike 1-1: Ground out 6-3 (Groundball, 6, EV 104.4 MPH)
|
Top of the 9th over - 0 runs, 0 hits, 0 errors, 0 left on base; Trenton 0 - Birmingham 11 |
|